 Dungeon Crawl Stone Soup version 0.14-a0-1007-gacdcbbe (webtiles) character file.

253 Ololoev the Grave Robber (level 5, -6/35 HPs)
             Began as a Mummy Necromancer on Nov 22, 2013.
             Mangled by an ogre
             ... wielding a +0,+0 giant club
              (21 damage)
             ... on Level 3 of the Dungeon.
             The game lasted 00:20:34 (3741 turns).

Ololoev the Grave Robber (Mummy Necromancer)        Turns: 3741, Time: 00:20:34

HP  -6/35        AC  5     Str 11      XL: 5   Next: 17%
MP   4/8         EV 12     Int 15      God:
Gold 94          SH  0     Dex 12      Spells:  3 memorised,  1 level left

Res.Fire  : x . .   See Invis. : .   i - +0 trident (venom)
Res.Cold  : + + .   Warding    : .   e - +2 robe {rC+}
Life Prot.: + + +   Conserve   : .   (no shield)
Res.Poison: +       Res.Corr.  : .   (no helmet)
Res.Elec. : .       Clarity    : .   l - +0 elf cloak
Sust.Abil.: . .     Spirit.Shd : .   (no gloves)
Res.Mut.  : .       Stasis     : .   (no boots)
Res.Rott. : +       Flight     : .   (no amulet)
Saprovore : . . .                    (no ring)
                                     (no ring)

@: slightly resistant to hostile enchantments, fairly stealthy
A: no food or potions, fire vulnerability, restore body, cold resistance 1, life
protection 3, poison resistance, torment resistance, unbreathing
a: no special abilities


You were on level 3 of the Dungeon.
You were not hungry.

You visited 1 branch of the dungeon, and saw 4 of its levels.

You collected 94 gold pieces.

Inventory:

Hand weapons
 i - a +0,+0 trident of venom (weapon)
Missiles
 a - 4 darts of dispersal (quivered)
Armour
 e - a +2 robe of cold resistance (worn)
 l - a +0 elven cloak (worn)
Scrolls
 f - a scroll of amnesia
 j - a scroll of enchant armour
Books
 b - a book of Necromancy

   Spells                             Type                      Level
   *Pain                              Necromancy                   1
   *Animate Skeleton                  Necromancy                   1
   Lethal Infusion                    Charms/Necromancy            2
   *Vampiric Draining                 Necromancy                   3
   Regeneration                       Charms/Necromancy            3
   Animate Dead                       Necromancy                   4
   Control Undead                     Necromancy                   4
 h - a book of Necromancy

   Spells                             Type                      Level
   *Pain                              Necromancy                   1
   *Animate Skeleton                  Necromancy                   1
   Lethal Infusion                    Charms/Necromancy            2
   *Vampiric Draining                 Necromancy                   3
   Regeneration                       Charms/Necromancy            3
   Animate Dead                       Necromancy                   4
   Control Undead                     Necromancy                   4


   Skills:
 - Level 1.5 Dodging
 - Level 1.5 Stealth
 - Level 1.0 Spellcasting
 + Level 6.5 Necromancy


You had one spell level left.
You knew the following spells:

 Your Spells              Type           Power        Failure   Level  Hunger
a - Pain                  Necr           ###.         1%          1    N/A
b - Animate Skeleton      Necr           N/A          1%          1    N/A
c - Vampiric Draining     Necr           ###.......   6%          3    N/A

Dungeon Overview and Level Annotations

Branches:
Dungeon (4/16)
 Temple: D:4-7

Altars:
Makhleb
Trog


Innate Abilities, Weirdness & Mutations

You do not eat or drink.
Your flesh is vulnerable to fire.
Your flesh is cold resistant.
You are immune to negative energy.
Your system is resistant to poisons.
You are immune to unholy pain and torment.
You can survive without breathing.


Message History

Confirm with . or Enter, or press ? or * to list all spells.
Aiming: Pain
Press: ? - help, Shift-Dir - straight line, f/p - ogre
Aim: an ogre, wielding a giant club (severely wounded)
Okay, then.
Casting: Pain
Confirm with . or Enter, or press ? or * to list all spells.
Okay, then.
Casting: Pain
Confirm with . or Enter, or press ? or * to list all spells.
You can't see any susceptible monsters within range! (Use Z to cast anyway.)
You see here a bread ration.
Attack whom?
Press: ? - help, Dir - move target cursor, f/p - ogre
Aim: an ogre, wielding a giant club (severely wounded)
You reach to attack!
You hit the ogre.
The ogre is severely wounded.
The ogre hits you with a giant club!
Ouch! That really hurt!
You die...

##### #...# #...## #....##
##########.....########
#......%.O@...........#
#....#####.....#...##.#####
#...)>...#...###...##.##...
####.....#...#<...........%
#.....#####z#####.......
#.##### #z# #......> #.#
#.# ##.%..## #.# #z#
#....## #.# #.# #......


You could see an ogre.

Vanquished Creatures
  A worker ant (D:4)
  Jessica (D:2)
  4 adders
  A worm (D:3)
  5 orcs (D:3)
  13 goblins
  4 hobgoblins
  9 kobolds
  2 ball pythons (D:3)
  8 bats
  8 giant cockroaches
  3 giant newts (D:1)
  11 rats
70 creatures vanquished.

Vanquished Creatures (collateral kills)
  A goblin (D:1)
1 creature vanquished.

Vanquished Creatures (others)
  A bat skeleton (D:4)
  3 goblin skeletons
  A hobgoblin skeleton (D:1)
  A human skeleton (D:3)
  2 kobold skeletons (D:3)
  4 orc skeletons (D:3)
12 creatures vanquished.

Grand Total: 83 creatures vanquished

Notes
Turn   | Place    | Note
--------------------------------------------------------------
     0 | D:1      | Ololoev, the Mummy Necromancer, began the quest for the Orb.
     0 | D:1      | Reached XP level 1. HP: 13/13 MP: 3/3
     2 | D:1      | Learned a level 1 spell: Animate Skeleton
   362 | D:1      | Reached XP level 2. HP: 10/19 MP: 0/4
  1123 | D:1      | Reached skill level 5 in Necromancy
  1123 | D:1      | Reached XP level 3. HP: 24/24 MP: 3/5
  1268 | D:2      | Noticed Jessica
  1978 | D:2      | Reached XP level 4. HP: 30/30 MP: 5/7
  2019 | D:2      | Killed Jessica
  2057 | D:3      | Your ally Jessica died
  2248 | D:3      | Found a bloodstained altar of Trog.
  2356 | D:3      | Reached skill level 6 in Necromancy
  3156 | D:4      | Noticed a phantom
  3177 | D:4      | Found a burning altar of Makhleb.
  3366 | D:4      | Noticed an ogre
  3632 | D:4      | Reached XP level 5. HP: 35/35 MP: 1/8
  3637 | D:4      | Learned a level 3 spell: Vampiric Draining
  3708 | D:4      | Noticed an ogre
  3741 | D:3      | Mangled by an ogre

Action                   |  1- 3 |  4- 6 || total
-------------------------+-------+-------++-------
Melee: Spear             |    34 |       ||    34
       Trident           |     1 |    27 ||    28
 Cast: Pain              |    62 |    67 ||   129
       Animate Skeleton  |     9 |    12 ||    21
  Use: Scroll            |       |     7 ||     7
 Stab: Sleeping          |       |     1 ||     1
